[Event "ICC tourney 3035 (30 10)"]
[Site "Internet Chess Club"]
[Date "2022.10.22"]
[Round "2"]
[White "Krishnan, Ashvath:ashvathk5"]
[Black "HERREROS, STEPHEN:alekhine1031"]
[Result "0-1"]
[ICCResult "White checkmated"]
[WhiteElo "1399"]
[BlackElo "1568"]
[Opening "Owen defense"]
[ECO "B00"]
[NIC "VO.01"]
[Time "14:00:22"]
[PlyCount "92"]
[TimeControl "1800+10"]

1. e4 b6 2. d4 Bb7 3. Nc3 e6 4. Nf3 Ne7 5. Be2 d6 6. O-O g6 7. Bg5 Bg7 8. e5
h6 9. Bf4 d5 10. Qd2 Nd7 11. a4 a6 12. b4 c5 13. bxc5 bxc5 14. Rfb1 Qc7 15.
a5 g5 16. Be3 cxd4 17. Bxd4 Nc6 18. Bb6 Nxb6 19. axb6 Qb8 20. Na4 Nxe5 21.
Ra2 Nxf3+ 22. Bxf3 Qd6 23. c4 O-O 24. c5 Qc6 25. Qb4 f5 26. h3 e5 27. Rd1 e4
28. Be2 d4 29. Rxd4 Bxd4 30. Qxd4 Rad8 31. Bc4+ Kh7 32. Qe5 Rde8 33. Qd6 e3
34. fxe3 Qe4 35. Qd7+ Re7 36. Qd6 Rfe8 37. Bd3 Qxe3+ 38. Kh1 Qxh3+ 39. Kg1
Re1+ 40. Bf1 Qe3+ 41. Kh2 Rxf1 42. c6 Qg1+ 43. Kh3 Re3+ 44. g3 g4+ 45. Kh4
Qh1+ 46. Rh2 Qxh2# {White checkmated} 0-1

[Event "ICC tourney 3035 (30 10)"]
[Site "Internet Chess Club"]
[Date "2022.10.22"]
[Round "3"]
[White "SCHROMBECK, JON A:Gm374"]
[Black "KUMBHARATHI, VEDANSH:vedansh98"]
[Result "0-1"]
[ICCResult "White checkmated"]
[WhiteElo "1082"]
[BlackElo "1051"]
[Opening "Bird's opening"]
[ECO "A02"]
[NIC "VO.07"]
[Time "16:01:12"]
[PlyCount "130"]
[TimeControl "1800+10"]

1. f4 e6 2. Nf3 d5 3. d3 Nf6 4. g3 Bd6 5. Bg2 b6 6. c3 Bb7 7. d4 Nbd7 8. Ne5
c5 9. e3 Rc8 10. O-O h6 11. Qe2 cxd4 12. cxd4 Ne4 13. Bxe4 dxe4 14. Bd2 Nf6
15. h3 h5 16. g4 hxg4 17. Nxg4 Rxh3 18. Qg2 Rh8 19. Nxf6+ Qxf6 20. Qg5 Qxg5+
21. fxg5 Rc2 22. Rf2 Rh3 23. Nc3 Rxb2 24. Rb1 Rxb1+ 25. Nxb1 Rg3+ 26. Kf1
Rxg5 27. Nc3 Ba6+ 28. Ne2 Bxe2+ 29. Kxe2 Rf5 30. Rg2 g5 31. Be1 f6 32. Bg3
Bxg3 33. Rxg3 Rf3 34. Rxf3 exf3+ 35. Kxf3 Kd7 36. e4 Kd6 37. a4 a5 38. Kg4
e5 39. d5 b5 40. axb5 a4 41. b6 a3 42. b7 Kc7 43. d6+ Kxb7 44. Kf5 a2 45.
Ke6 a1=Q 46. d7 Qd4 47. Ke7 Qxd7+ 48. Kxd7 g4 49. Kd6 g3 50. Ke6 g2 51. Kxf6
g1=Q 52. Kxe5 Kc7 53. Kd5 Kd7 54. e5 Qg5 55. Ke4 Ke6 56. Kd4 Qxe5+ 57. Kc4
Qd5+ 58. Kb4 Ke5 59. Ka4 Qc5 60. Kb3 Qd4 61. Kc2 Qe3 62. Kd1 Qf2 63. Kc1 Kd4
64. Kb1 Kc3 65. Ka1 Qb2# {White checkmated} 0-1

[Event "ICC tourney 3035 (30 10)"]
[Site "Internet Chess Club"]
[Date "2022.10.22"]
[Round "3"]
[White "ANGELCHIK, JACOB:t105mm"]
[Black "Krishnan, Ashvath:ashvathk5"]
[Result "1-0"]
[ICCResult "Black checkmated"]
[WhiteElo "1268"]
[BlackElo "1399"]
[Opening "English: Anglo-Grünfeld defense"]
[ECO "A09"]
[NIC "QP.09"]
[Time "16:01:09"]
[PlyCount "53"]
[TimeControl "1800+10"]

1. Nf3 d5 2. c4 Nf6 3. cxd5 Nxd5 4. Nc3 Nxc3 5. bxc3 Nc6 6. d4 Bg4 7. h3
Bxf3 8. gxf3 g6 9. d5 Ne5 10. f4 Nd7 11. e4 Nc5 12. Qd4 f6 13. Qxc5 e5 14.
Qb5+ Kf7 15. Qxb7 Bc5 16. Bc4 Kg7 17. fxe5 fxe5 18. h4 Rb8 19. Qc6 Bb6 20.
Bg5 Qf8 21. Qd7+ Qf7 22. Bh6+ Kg8 23. d6 Bxf2+ 24. Kd1 Rf8 25. Bxf7+ Rxf7
26. Qe8+ Rf8 27. Qxf8# {Black checkmated} 1-0

[Event "ICC tourney 3035 (30 10)"]
[Site "Internet Chess Club"]
[Date "2022.10.22"]
[Round "3"]
[White "WEYMAN, GRANT A:grantwey"]
[Black "PU, LANDON:landonp"]
[Result "0-1"]
[ICCResult "White resigns"]
[WhiteElo "1399"]
[BlackElo "1604"]
[Opening "Ruy Lopez: 5.O-O"]
[ECO "C78"]
[NIC "RL.12"]
[Time "16:01:13"]
[PlyCount "48"]
[TimeControl "1800+10"]

1. e4 e5 2. Nf3 Nc6 3. Bb5 a6 4. Ba4 Nf6 5. O-O b5 6. Bb3 Bc5 7. c3 d6 8. d4
Bb6 9. Bg5 h6 10. Bh4 Bg4 11. Bd5 Qd7 12. dxe5 Nxd5 13. exd5 Nxe5 14. Re1
O-O 15. Nxe5 dxe5 16. Qd2 Rfe8 17. Na3 c6 18. c4 cxd5 19. cxd5 Bd4 20. Nc2
Qxd5 21. Nxd4 Qxd4 22. Qxd4 exd4 23. f3 Bf5 24. Rab1 Bxb1 {White resigns}
0-1

[Event "ICC tourney 3035 (30 10)"]
[Site "Internet Chess Club"]
[Date "2022.10.22"]
[Round "3"]
[White "WUDALI, PRANAV AVYAI:Pwudali"]
[Black "ZHANG, ARI:brass60Six"]
[Result "0-1"]
[ICCResult "White checkmated"]
[WhiteElo "847"]
[BlackElo "1350"]
[Opening "Sicilian: Smith-Morra gambit"]
[ECO "B21"]
[NIC "SI.48"]
[Time "16:01:17"]
[PlyCount "96"]
[TimeControl "1800+10"]

1. e4 c5 2. d4 cxd4 3. c3 dxc3 4. Nxc3 Nc6 5. Nf3 e5 6. Bc4 h6 7. Be3 Nf6 8.
O-O Be7 9. Qe2 O-O 10. Rad1 d6 11. Bc5 Qc7 12. Nb5 Qb8 13. Nxd6 Bg4 14. h3
Bh5 15. Ba3 Nd4 16. Rxd4 exd4 17. Nf5 Bxa3 18. bxa3 Re8 19. Bd3 Qc7 20.
N5xd4 Rad8 21. Nf5 Qc3 22. Bb5 Rxe4 23. Ne3 a6 24. Bc4 Rde8 25. Bb3 Qc5 26.
Rd1 R4e7 27. Rd3 Qc6 28. Kh1 Bxf3 29. Qxf3 Qxf3 30. gxf3 Rc8 31. Kh2 Rec7
32. Kg2 Kf8 33. Nf5 Nd7 34. Nd6 Nc5 35. Re3 Rd8 36. Ne4 Nxe4 37. Rxe4 Rd6
38. Ba4 b5 39. Bb3 Rg6+ 40. Kh2 Rc1 41. a4 Rcg1 42. h4 R1g2+ 43. Kh3 Rxf2
44. axb5 axb5 45. Re3 Rf1 46. Kh2 Rf2+ 47. Kh3 Rfg2 48. a4 R6g3#
{White checkmated}
0-1

[Event "ICC tourney 3035 (30 10)"]
[Site "Internet Chess Club"]
[Date "2022.10.22"]
[Round "3"]
[White "ZHOU, ALEXANDER ZHENG:Lailaiking"]
[Black "FOLTIN, ADAM B.:TheEqualCarry"]
[Result "1/2-1/2"]
[ICCResult "Game drawn by repetition"]
[WhiteElo "1048"]
[BlackElo "1182"]
[Opening "Benoni defense"]
[ECO "A56"]
[NIC "OI.06"]
[Time "16:01:40"]
[PlyCount "73"]
[TimeControl "1800+10"]

1. d4 Nf6 2. c4 c5 3. e3 d6 4. Nc3 g6 5. Nf3 Bg7 6. Bd3 O-O 7. O-O cxd4 8.
exd4 Nbd7 9. Be3 Ng4 10. h3 Nxe3 11. fxe3 e5 12. Bc2 e4 13. Bxe4 Nb6 14. Bd3
Qc7 15. Nb5 Qc6 16. Rc1 a6 17. Na3 f5 18. c5 dxc5 19. Rxc5 Qd6 20. Nc4 Nxc4
21. Bxc4+ Kh8 22. Ne5 Bxe5 23. Rxe5 b5 24. Bd5 Rb8 25. Qf3 Bd7 26. Qf4 Qb4
27. Qh6 Rbe8 28. Rxe8 Rxe8 29. Rxf5 Bxf5 30. Qg5 Qe1+ 31. Kh2 Rf8 32. Qf4
Kg7 33. Qe5+ Kh6 34. Qf4+ Kg7 35. Qe5+ Kh6 36. Qf4+ Kg7 37. Qe5+
{Game drawn by repetition}
1/2-1/2

[Event "ICC tourney 3035 (30 10)"]
[Site "Internet Chess Club"]
[Date "2022.10.22"]
[Round "3"]
[White "Mason, Mike W:MikeWMason"]
[Black "Doan Giang, Nguyen Doan:Doctorstrange04"]
[Result "0-1"]
[ICCResult "White resigns"]
[WhiteElo "1506"]
[BlackElo "1763"]
[Opening "Sicilian: Smith-Morra gambit"]
[ECO "B21"]
[NIC "SI.47"]
[Time "16:01:39"]
[PlyCount "68"]
[TimeControl "1800+10"]

1. e4 c5 2. d4 cxd4 3. c3 Nf6 4. e5 Nd5 5. Bc4 Nb6 6. Bb3 Nc6 7. Nf3 d5 8.
exd6 Qxd6 9. h3 Be6 10. O-O Bxb3 11. Qxb3 e6 12. Nxd4 Nxd4 13. cxd4 Be7 14.
Qb5+ Qd7 15. Nc3 Qxb5 16. Nxb5 O-O 17. Be3 a6 18. Nc3 Rac8 19. Rfe1 Nc4 20.
Re2 b5 21. Ne4 Rfd8 22. a3 Na5 23. b4 Nb3 24. Rd1 a5 25. Rb1 a4 26. Rd1 h6
27. f3 f5 28. Nf2 Bf6 29. d5 Rxd5 30. Rxd5 exd5 31. Nd3 Rc3 32. Nc5 Rxe3 33.
Rxe3 Bd4 34. Kf2 f4 {White resigns} 0-1

[Event "ICC tourney 3035 (30 10)"]
[Site "Internet Chess Club"]
[Date "2022.10.22"]
[Round "3"]
[White "HERREROS, STEPHEN:alekhine1031"]
[Black "BRUDNO, STEPHEN:StevChess01"]
[Result "0-1"]
[ICCResult "White resigns"]
[WhiteElo "1568"]
[BlackElo "1557"]
[Opening "Sicilian: wing gambit, Marshall variation"]
[ECO "B20"]
[NIC "SI.48"]
[Time "16:01:09"]
[PlyCount "98"]
[TimeControl "1800+10"]

1. e4 c5 2. b4 cxb4 3. a3 e6 4. Nf3 Nc6 5. d4 d5 6. e5 Nge7 7. axb4 Nxb4 8.
c3 Nbc6 9. Bd3 Ng6 10. O-O Be7 11. Na3 Bd7 12. Qb3 Na5 13. Qb1 a6 14. Bd2 b5
15. Qa2 Nc4 16. Nxc4 bxc4 17. Bc2 O-O 18. Rfb1 Bb5 19. Ba4 Rb8 20. Bxb5 axb5
21. Qa6 Qb6 22. Ra5 Qxa6 23. Rxa6 Rb7 24. Ne1 Rfb8 25. Nc2 Nf8 26. Nb4 Bxb4
27. cxb4 h6 28. Rba1 Ng6 29. g3 Ne7 30. Bc3 Nc8 31. Ra8 Nb6 32. R8a5 Na4 33.
R1xa4 bxa4 34. Rxa4 Kf8 35. Kf1 Ke7 36. Ke2 Kd7 37. Kd2 Rc7 38. Kc2 Rbb7 39.
Ra5 Ra7 40. Rxa7 Rxa7 41. Kb2 Kc6 42. Bd2 Kb5 43. Bc3 Ka4 44. h4 h5 45. f4
g6 46. Bd2 Rb7 47. Bc3 Rxb4+ 48. Bxb4 Kxb4 49. Kc2 c3 {White resigns} 0-1

[Event "ICC tourney 3035 (30 10)"]
[Site "Internet Chess Club"]
[Date "2022.10.22"]
[Round "3"]
[White "DHURJATI, ANAGHA:amdink"]
[Black "CHETLAPALLI, VISHNU:K01-30144870"]
[Result "0-1"]
[ICCResult "White checkmated"]
[WhiteElo "1371"]
[BlackElo "972"]
[Opening "Sicilian: dragon variation"]
[ECO "B70"]
[NIC "SI.15"]
[Time "16:01:12"]
[PlyCount "122"]
[TimeControl "1800+10"]

1. e4 c5 2. Nf3 d6 3. d4 cxd4 4. Nxd4 Nf6 5. Nc3 g6 6. Bc4 Bg7 7. Be3 O-O 8.
O-O Nc6 9. Nb3 Bd7 10. Qd2 Rc8 11. Be2 a6 12. Bh6 b5 13. Bxg7 Kxg7 14. a3
Qb6 15. Rad1 Be6 16. Nd4 Nxd4 17. Qxd4 Qxd4 18. Rxd4 Nd7 19. Bf3 Nb6 20. Be2
Bc4 21. Bxc4 Nxc4 22. Nd5 e5 23. Rd3 Nxb2 24. Rb3 Nc4 25. Nb4 Nd2 26. Nxa6
Nxf1 27. Kxf1 Rxc2 28. Rxb5 Ra8 29. Rb6 Ra2 30. Rxd6 Rxa3 31. Nc7 Ra1+ 32.
Ke2 R8a2+ 33. Kf3 Rf1 34. Ne8+ Kf8 35. Rd8 Rfxf2+ 36. Ke3 Rae2+ 37. Kd3 Rd2+
38. Ke3 Rxd8 39. Kxf2 Rxe8 40. Kf3 Kg7 41. g3 Kf6 42. h3 h5 43. h4 Ra8 44.
Ke3 Ra3+ 45. Kf2 Ke6 46. Kg2 Re3 47. Kh3 Rxe4 48. Kh2 Kf5 49. Kh3 Re3 50.
Kh2 Kg4 51. Kg2 Rxg3+ 52. Kh2 Rh3+ 53. Kg2 Rxh4 54. Kf2 Kf4 55. Kg2 e4 56.
Kf2 e3+ 57. Kf1 Kf3 58. Kg1 Rg4+ 59. Kh2 e2 60. Kh3 e1=Q 61. Kh2 Qh4#
{White checkmated}
0-1

[Event "ICC tourney 3035 (30 10)"]
[Site "Internet Chess Club"]
[Date "2022.10.22"]
[Round "3"]
[White "PADIYAR, SUNMAY:sunmay12"]
[Black "Agrawal, Arvin:championfugman"]
[Result "1-0"]
[ICCResult "Black checkmated"]
[WhiteElo "1408"]
[BlackElo "1308"]
[Opening "Sicilian: Alapin's variation (2.c3)"]
[ECO "B22"]
[NIC "SI.46"]
[Time "16:01:14"]
[PlyCount "83"]
[TimeControl "1800+10"]

1. e4 c5 2. c3 g6 3. Nf3 Bg7 4. d4 cxd4 5. cxd4 d5 6. exd5 Nf6 7. Bc4 Nxd5
8. Qb3 e6 9. O-O O-O 10. Bxd5 exd5 11. Nc3 Nc6 12. Be3 Ne7 13. Rfe1 b6 14.
Bf4 a6 15. Re2 Bb7 16. Rae1 Nf5 17. Rd1 b5 18. a4 Qd7 19. axb5 axb5 20. Ne5
Qd8 21. g3 g5 22. Be3 Bxe5 23. dxe5 d4 24. Qc2 Qc8 25. Bxd4 Bf3 26. e6 fxe6
27. Qd2 b4 28. Qxg5+ Kf7 29. Qf6+ Kg8 30. Qh8+ Kf7 31. Qxh7+ Ke8 32. Qg6+
Rf7 33. Rxe6+ Kf8 34. Ne4 Bxe4 35. Rxe4 Qc2 36. Rde1 Nxd4 37. Qd6+ Kg8 38.
Qxd4 b3 39. Rg4+ Kh7 40. Rh4+ Kg6 41. Qg4+ Kf6 42. Re6# {Black checkmated}
1-0

[Event "ICC tourney 3035 (30 10)"]
[Site "Internet Chess Club"]
[Date "2022.10.22"]
[Round "3"]
[White "DU, CALVIN:TheOrcaPro"]
[Black "YU, VINCENT ZHIWEN:vincentyu"]
[Result "1-0"]
[ICCResult "Black checkmated"]
[WhiteElo "1724"]
[BlackElo "1183"]
[Opening "Sicilian: Najdorf, Zagreb (fianchetto) variation"]
[ECO "B91"]
[NIC "SI.14"]
[Time "16:01:15"]
[PlyCount "157"]
[TimeControl "1800+10"]

1. e4 c5 2. Nf3 d6 3. d4 cxd4 4. Nxd4 Nf6 5. Nc3 a6 6. g3 e5 7. Nb3 Be7 8.
Bg2 O-O 9. O-O b5 10. Nd5 Nxd5 11. Qxd5 Ra7 12. Be3 Bb7 13. Qd2 Ra8 14. Na5
Qc7 15. Rfd1 Rd8 16. Rac1 Nc6 17. Nxb7 Qxb7 18. Qd5 Rac8 19. Bf1 Bf8 20. h4
Re8 21. c4 b4 22. b3 a5 23. Qb5 Qa8 24. Qa4 Qb7 25. c5 dxc5 26. Bxc5 Bxc5
27. Rxc5 Nd4 28. Rxc8 Rxc8 29. Bg2 Ne2+ 30. Kh2 Nc3 31. Qd7 Qxd7 32. Rxd7
Nxa2 33. Ra7 Nc1 34. Rxa5 Nxb3 35. Rb5 f6 36. Bh3 Nd4 37. Rxb4 Rc2 38. Kg2
Re2 39. Kf1 Rc2 40. Bg4 Rc1+ 41. Kg2 Re1 42. Bh5 g6 43. Bf3 Nxf3 44. Kxf3
Rc1 45. Kg4 Kg7 46. f4 exf4 47. Rb7+ Kh6 48. Kxf4 Rf1+ 49. Kg4 Re1 50. Re7
f5+ 51. Kf4 Rf1+ 52. Ke3 Re1+ 53. Kf3 Rf1+ 54. Ke2 Ra1 55. exf5 Ra2+ 56. Kf3
Ra3+ 57. Kf4 Ra4+ 58. Re4 Rxe4+ 59. Kxe4 gxf5+ 60. Kxf5 Kh5 61. Kf6 Kg4 62.
Kg7 h5 63. Kh6 Kxg3 64. Kxh5 Kf4 65. Kg6 Ke5 66. h5 Ke6 67. Kg7 Ke7 68. h6
Ke6 69. h7 Ke7 70. h8=Q Ke6 71. Qe8+ Kd6 72. Kf6 Kd5 73. Qe7 Kc4 74. Ke5 Kb3
75. Kd4 Ka2 76. Kc3 Ka1 77. Qa7+ Kb1 78. Qb6+ Ka1 79. Qb2# {Black
checkmated} 1-0

[Event "ICC tourney 3035 (30 10)"]
[Site "Internet Chess Club"]
[Date "2022.10.22"]
[Round "3"]
[White "GUTIERREZ, AUGUSTO E:elytito2017"]
[Black "JIMENEZ, LUIS A:eltuna"]
[Result "1-0"]
[ICCResult "Black resigns"]
[WhiteElo "1737"]
[BlackElo "1447"]
[Opening "Sicilian: Nimzovich-Rossolimo attack (with ...g6, without ...d6)"]
[ECO "B31"]
[NIC "SI.31"]
[Time "16:01:09"]
[PlyCount "131"]
[TimeControl "1800+10"]

1. e4 c5 2. Nf3 Nc6 3. Bb5 g6 4. Bxc6 dxc6 5. d3 Bg7 6. h3 Qc7 7. Nbd2 Nf6
8. O-O e5 9. Nc4 Nd7 10. Be3 O-O 11. a4 a5 12. Qc1 b6 13. b3 f6 14. Qb2 Rf7
15. Rad1 Ba6 16. Nfd2 Nf8 17. f4 Ne6 18. fxe5 fxe5 19. Rxf7 Kxf7 20. Rf1+
Kg8 21. Qb1 Nd4 22. Qd1 b5 23. Nb2 b4 24. Nbc4 Rf8 25. Bxd4 cxd4 26. Rxf8+
Kxf8 27. Qg4 Bc8 28. Qg3 Be6 29. Kh2 Kg8 30. Qg5 Kf7 31. Qh4 Kg8 32. g4 h6
33. Kg2 Kh7 34. Nf3 Bxc4 35. bxc4 Kg8 36. Kf2 Kf7 37. Ke2 Ke8 38. Qg3 Ke7
39. Nxd4 Qd7 40. Nb3 Qc7 41. Qe3 Kd6 42. Qc5+ Ke6 43. Nxa5 Kd7 44. Qxb4 Bf6
45. Qb7 Qxb7 46. Nxb7 Be7 47. Na5 Bb4 48. Nb3 Bc3 49. Nd2 Kd6 50. Nb1 Ba5
51. c3 c5 52. Ke3 g5 53. Na3 Ke6 54. Nb5 Bb6 55. d4 Kf6 56. d5 Ke7 57. Kf3
Kd7 58. Kg3 Bd8 59. Kf2 Be7 60. Ke2 Kc8 61. Kd3 Kb7 62. Kc2 Kb6 63. Kb3 Ka5
64. d6 Bf6 65. Nc7 Kb6 66. Nd5+ {Black resigns} 1-0

[Event "ICC tourney 3035 (30 10)"]
[Site "Internet Chess Club"]
[Date "2022.10.22"]
[Round "4"]
[White "SCHROMBECK, JON A:Gm374"]
[Black "SRIPADA, ANISHA:waterycargo"]
[Result "0-1"]
[ICCResult "White resigns"]
[WhiteElo "1082"]
[BlackElo "1229"]
[Opening "Queen's pawn, Mason variation"]
[ECO "D00"]
[NIC "QP.08"]
[Time "18:00:15"]
[PlyCount "150"]
[TimeControl "1800+10"]

1. d4 d5 2. Bf4 Nf6 3. e3 e6 4. a3 c5 5. dxc5 Bxc5 6. c4 O-O 7. b4 Be7 8.
Nc3 dxc4 9. Qxd8 Rxd8 10. Bxc4 Nc6 11. Nf3 a6 12. O-O b5 13. Be2 Bb7 14. Ne5
Rac8 15. Bf3 Bd6 16. Nxc6 Bxc6 17. Bxd6 Rxd6 18. e4 Rd3 19. Rac1 Be8 20. Ne2
Rxc1 21. Rxc1 Rxa3 22. Nd4 h6 23. h3 Rd3 24. Nc6 Kf8 25. Nb8 Ra3 26. e5 Nd7
27. Nxd7+ Bxd7 28. Bc6 Bxc6 29. Rxc6 Ke7 30. Rc7+ Ke8 31. Ra7 Ra4 32. f4
Rxb4 33. g3 Ra4 34. Kg2 b4 35. g4 b3 36. Rb7 Ra3 37. Kf2 Ra2+ 38. Ke3 b2 39.
Kd3 Ra3+ 40. Kc2 Rxh3 41. Kxb2 Rh4 42. Rb8+ Kd7 43. Rb7+ Kc6 44. Rxf7 Rxg4
45. f5 exf5 46. Rxf5 Kd7 47. Kc3 Ke6 48. Rf8 a5 49. Re8+ Kf7 50. Ra8 a4 51.
Ra6 Rg6 52. Rxa4 Ke6 53. Re4 Rg5 54. Kd4 h5 55. Re3 Rg4+ 56. Kc5 g5 57. Rd3
Kxe5 58. Rd5+ Kf4 59. Rd4+ Kg3 60. Rd3+ Kh4 61. Kd5 Rg3 62. Rd4+ Kh3 63. Ke5
g4 64. Kf5 Rg1 65. Kg5 h4 66. Rd3+ Rg3 67. Rd2 Rg2 68. Rd3+ g3 69. Rd4 Kh2
70. Rxh4+ Kg1 71. Kg4 Kf2 72. Rh3 Rg1 73. Kf4 g2 74. Rf3+ Ke2 75. Kg3 Rf1
{White resigns}
0-1

[Event "ICC tourney 3035 (30 10)"]
[Site "Internet Chess Club"]
[Date "2022.10.22"]
[Round "4"]
[White "Agrawal, Arvin:championfugman"]
[Black "Varada, Praharsh:Praharshvarada"]
[Result "1-0"]
[ICCResult "Black checkmated"]
[WhiteElo "1308"]
[BlackElo "841"]
[Opening "QGD: 3...Nf6"]
[ECO "D35"]
[NIC "QO.16"]
[Time "18:00:20"]
[PlyCount "99"]
[TimeControl "1800+10"]

1. d4 Nf6 2. c4 e6 3. Nc3 d5 4. e3 g6 5. Nf3 Bg7 6. Bd3 O-O 7. O-O c6 8. e4
Re8 9. Bg5 dxe4 10. Nxe4 Nbd7 11. Ne5 b6 12. Nxc6 Qc7 13. Nxf6+ Bxf6 14.
Bxf6 Nxf6 15. Qf3 Kg7 16. Ne5 Bb7 17. Qe2 Rad8 18. Qe3 Rd6 19. Rad1 Red8 20.
Bc2 b5 21. c5 Rd5 22. Bb3 a6 23. f3 Nd7 24. Bxd5 Bxd5 25. a3 Nf8 26. Rc1 f6
27. Ng4 Qc6 28. Qh6+ Kf7 29. Qf4 f5 30. Ne5+ Kf6 31. Nxc6 Bxc6 32. Qh4+ g5
33. Qh6+ Ng6 34. Qxh7 Rh8 35. Qc7 Bd5 36. c6 Bc4 37. Rfe1 Nf4 38. Qe5+ Ke7
39. Qxh8 Ne2+ 40. Rxe2 Bxe2 41. c7 Bc4 42. c8=Q Kd6 43. Qe5+ Ke7 44. Qb7+
Kd8 45. Rxc4 bxc4 46. Kf2 c3 47. Ke2 g4 48. Kf2 c2 49. Kg3 c1=Q 50. Qh8#
{Black checkmated}
1-0

[Event "ICC tourney 3035 (30 10)"]
[Site "Internet Chess Club"]
[Date "2022.10.22"]
[Round "4"]
[White "WUDALI, PRANAV AVYAI:Pwudali"]
[Black "ASKEW, GEORGE:BlueStorm"]
[Result "1/2-1/2"]
[ICCResult "White stalemated"]
[WhiteElo "847"]
[BlackElo "1320"]
[Opening "Pirc: classical (two knights) system"]
[ECO "B08"]
[NIC "PU.10"]
[Time "18:00:19"]
[PlyCount "114"]
[TimeControl "1800+10"]

1. e4 d6 2. d4 Nf6 3. Nc3 g6 4. Nf3 Bg7 5. Bc4 O-O 6. Bf4 b5 7. Bxb5 c6 8.
Bc4 Qa5 9. Qd2 Ba6 10. Bxa6 Nxa6 11. Bh6 c5 12. Bxg7 Kxg7 13. d5 Rab8 14. b3
Rfc8 15. O-O c4 16. Na4 Qxd2 17. Nxd2 cxb3 18. cxb3 Rc2 19. Rfd1 Rb4 20. f3
Rd4 21. Nc4 Rxd1+ 22. Rxd1 Rxa2 23. Nc3 Rc2 24. Nb5 Nc5 25. Rb1 Nxb3 26.
Rxb3 Rxc4 27. Nxa7 e6 28. dxe6 fxe6 29. Rb6 d5 30. Rxe6 dxe4 31. fxe4 Nxe4
32. h3 Rc1+ 33. Kh2 Nf2 34. Nc6 Kh6 35. Re2 Nxh3 36. Nd4 Nf4 37. Re4 g5 38.
Nf5+ Kg6 39. Ng3 Rc2 40. Kh1 Rxg2 41. Rxf4 Rxg3 42. Rf2 h5 43. Kh2 h4 44.
Kh1 g4 45. Kh2 Kg5 46. Kh1 Rh3+ 47. Kg2 Rg3+ 48. Kh2 Rf3 49. Rg2 g3+ 50. Kh3
Rf2 51. Rxf2 gxf2 52. Kg2 f1=Q+ 53. Kxf1 Kg4 54. Kg2 h3+ 55. Kh2 Kh4 56. Kg1
Kg3 57. Kh1 h2 {White stalemated} 1/2-1/2

[Event "ICC tourney 3035 (30 10)"]
[Site "Internet Chess Club"]
[Date "2022.10.22"]
[Round "4"]
[White "PADIYAR, SUNMAY:sunmay12"]
[Black "DU, CALVIN:TheOrcaPro"]
[Result "0-1"]
[ICCResult "White checkmated"]
[WhiteElo "1408"]
[BlackElo "1724"]
[Opening "French: Steinitz variation"]
[ECO "C11"]
[NIC "FR.04"]
[Time "18:00:17"]
[PlyCount "82"]
[TimeControl "1800+10"]

1. e4 e6 2. d4 d5 3. Nc3 Nf6 4. e5 Nfd7 5. Nf3 a6 6. Bd3 c5 7. Be3 Nc6 8.
dxc5 Bxc5 9. Bxc5 Nxc5 10. O-O Qc7 11. Re1 Bd7 12. Qd2 h6 13. a3 Nxd3 14.
cxd3 Na5 15. Qe3 Nb3 16. Rad1 O-O 17. d4 Qb6 18. Rd3 Na5 19. b4 Nc4 20. Qc1
a5 21. Nd2 axb4 22. Nxc4 dxc4 23. Rg3 Kh8 24. axb4 Qxb4 25. Ne4 Ra2 26. Nf6
Bc6 27. Rd1 Qb2 28. Qxb2 Rxb2 29. Nh5 g6 30. Nf6 Ra8 31. Rh3 Kg7 32. Ng4
Rba2 33. Rxh6 Ra1 34. Rf1 c3 35. Rh3 c2 36. Nf6 Rxf1+ 37. Kxf1 c1=Q+ 38. Ke2
Ra2+ 39. Kd3 Ra3+ 40. Ke2 Qc2+ 41. Kf1 Ra1# {White checkmated} 0-1

[Event "ICC tourney 3035 (30 10)"]
[Site "Internet Chess Club"]
[Date "2022.10.22"]
[Round "4"]
[White "KUMBHARATHI, VEDANSH:vedansh98"]
[Black "DHURJATI, ANAGHA:amdink"]
[Result "1-0"]
[ICCResult "Black resigns"]
[WhiteElo "1051"]
[BlackElo "1371"]
[Opening "Giuoco Piano: Anderssen variation"]
[ECO "C54"]
[NIC "IG.02"]
[Time "18:01:50"]
[PlyCount "121"]
[TimeControl "1800+10"]

1. e4 e5 2. Nf3 Nc6 3. Bc4 Bc5 4. c3 Nf6 5. d4 exd4 6. e5 d5 7. Bb5 Ne4 8.
cxd4 Bb4+ 9. Nbd2 Bxd2+ 10. Bxd2 O-O 11. Bxc6 bxc6 12. Rc1 Rb8 13. b3 Bg4
14. Rxc6 Nxd2 15. Qxd2 Bxf3 16. gxf3 Rb6 17. Rc5 c6 18. Ke2 Re8 19. Rhc1 Re6
20. f4 Qh4 21. Rg1 Qxh2 22. Rg3 Qh5+ 23. Kd3 Qf5+ 24. Kc3 Qb1 25. Qc2 Qe1+
26. Qd2 Qe4 27. Kb2 Rh6 28. Qe3 Qf5 29. Rg5 Qh3 30. Rg3 Qf1 31. f5 Rh2 32.
Rc2 Ra6 33. Kc3 Qa1+ 34. Kb4 Rh4 35. Rxg7+ Kf8 36. Rg8+ Kxg8 37. Qg5+ Kh8
38. Qxh4 Rb6+ 39. Kc5 Qg1 40. Rc3 Qg8 41. Qf6+ Qg7 42. Qxg7+ Kxg7 43. Rg3+
Kh6 44. f4 Kh5 45. Rg7 Kh4 46. Rxh7+ Kg4 47. Rxf7 Kxf4 48. e6 Rb8 49. e7 Re8
50. Kxc6 Ke4 51. Kd7 Rxe7+ 52. Rxe7+ Kxd4 53. f6 Kc3 54. f7 d4 55. f8=Q d3
56. Re3 Kc2 57. Qc5+ Kd2 58. Qd4 Kc2 59. Qxd3+ Kb2 60. b4 Ka1 61. Qb3
{Black resigns}
1-0

[Event "ICC tourney 3035 (30 10)"]
[Site "Internet Chess Club"]
[Date "2022.10.22"]
[Round "4"]
[White "YU, VINCENT ZHIWEN:vincentyu"]
[Black "WEYMAN, GRANT A:grantwey"]
[Result "0-1"]
[ICCResult "White checkmated"]
[WhiteElo "1183"]
[BlackElo "1399"]
[Opening "Sicilian: closed"]
[ECO "B24"]
[NIC "SI.44"]
[Time "18:00:56"]
[PlyCount "96"]
[TimeControl "1800+10"]

1. e4 c5 2. Nc3 Nc6 3. g3 g6 4. Bg2 Bg7 5. d3 Nf6 6. f4 d6 7. Nf3 O-O 8. O-O
a6 9. a4 Bd7 10. h3 Qc8 11. Kh2 Rb8 12. g4 b5 13. axb5 axb5 14. f5 Qc7 15.
Bf4 Rfc8 16. Qd2 Nd4 17. Bh6 d5+ 18. Bf4 Qb7 19. Bxb8 Qxb8+ 20. Kh1 b4 21.
Nxd4 bxc3 22. bxc3 cxd4 23. cxd4 Qb2 24. Rfc1 Qxd4 25. fxg6 hxg6 26. exd5
Nxd5 27. Qa5 Nf4 28. Bb7 Qe3 29. Bg2 Nxh3 30. Re1 Qg3 31. Rac1 Nf4 32. Qd2
Nxg2 33. Qxg2 Bc6 34. Re4 Qxg2+ 35. Kxg2 Bxe4+ 36. dxe4 Kf8 37. Kf3 Ke8 38.
Kf4 Kd7 39. Rd1+ Ke6 40. Rb1 Be5+ 41. Ke3 Rxc2 42. Rb6+ Bd6 43. Rb5 Rc3+ 44.
Kd4 Rg3 45. e5 Rxg4+ 46. Ke3 Bxe5 47. Kf3 Rg3+ 48. Ke4 f5# {White
checkmated} 0-1

[Event "ICC tourney 3035 (30 10)"]
[Site "Internet Chess Club"]
[Date "2022.10.22"]
[Round "4"]
[White "Krishnan, Ashvath:ashvathk5"]
[Black "ZHOU, ALEXANDER ZHENG:Lailaiking"]
[Result "1-0"]
[ICCResult "Black checkmated"]
[WhiteElo "1399"]
[BlackElo "1048"]
[Opening "Ruy Lopez: Berlin defense"]
[ECO "C65"]
[NIC "RL.07"]
[Time "18:00:18"]
[PlyCount "149"]
[TimeControl "1800+10"]

1. e4 e5 2. Nf3 Nc6 3. Bb5 Nf6 4. d3 Bc5 5. c3 d6 6. O-O O-O 7. Nbd2 Bg4 8.
Re1 a6 9. Ba4 b5 10. Bc2 Re8 11. h3 Bh5 12. Nf1 d5 13. Qe2 d4 14. Ng3 Bg6
15. Bd2 Nh5 16. Nxh5 Bxh5 17. g4 Bg6 18. Kh2 h6 19. a3 Re6 20. Bb3 Rd6 21.
Bd5 Qe7 22. Rac1 Rad8 23. Bxc6 Rxc6 24. cxd4 exd4 25. b4 Bd6+ 26. e5 Rxc1
27. Bxc1 Bxb4 28. axb4 Qxb4 29. e6 Qd6+ 30. Qe5 fxe6 31. Qxd6 Rxd6 32. Bf4
Rd7 33. Ne5 Rd8 34. Nxg6 c5 35. Rxe6 a5 36. Rc6 Kh7 37. Ne7 Rd7 38. Nf5 Rf7
39. Bg3 g6 40. Nd6 Rf3 41. Rc7+ Kg8 42. Rxc5 Rxd3 43. Nxb5 Rb3 44. Nxd4 Rb4
45. Nc6 Rb6 46. Nxa5 Kf7 47. Nc4 Ra6 48. Rc7+ Ke6 49. Rg7 Kd5 50. Ne3+ Ke4
51. Re7+ Kd4 52. Be5+ Kc5 53. Rc7+ Kb5 54. Bd4 Rd6 55. Rb7+ Kc6 56. Rb6+ Kd7
57. Rxd6+ Kxd6 58. f4 Ke6 59. f5+ gxf5 60. gxf5+ Kf7 61. f6 h5 62. Nf5 h4
63. Nxh4 Kf8 64. Nf5 Kg8 65. Nd6 Kf8 66. f7 Ke7 67. Bf6+ Kf8 68. Be5 Ke7 69.
h4 Kd7 70. f8=Q Kc6 71. Qc8+ Kb6 72. Nc4+ Kb5 73. Na3+ Kb4 74. Bd6+ Kb3 75.
Qc2# {Black checkmated} 1-0